Map: Year Zero LE

Players

Lambo - Winner!

  • Race: Zerg Zerg
  • League: Grandmaster
  • Spawn Location: 11:00

TcUltimate

  • Race: Protoss Protoss
  • League: Master
  • Spawn Location: 1:00

VOD

Have the link to the VOD?

Description

Time

  • Played on: Feb. 10, 2019, 7:14 a.m.
  • Length: 12:21
Show
View Real Time Build Order
Export as new Build Order

Lambo Zerg - Winner!

Build Orders: Hatch First 

Get SALT Encoding   

  12  0:00  Drone  
  13  0:14  Overlord  
  13  0:19  Drone  
  14  0:32  Drone x2  
  16  0:50  Hatchery  
  16  0:53  Drone  
  16  0:57  Drone  
  16  1:00  Drone  
  18  1:11  Extractor  
  18  1:15  Spawning Pool  
  16  1:19  Drone  
  16  1:22  Drone  
  18  1:29  Drone  
  19  1:41  Drone  
  20  1:54  Overlord  
  20  2:02  Queen x2  
  20  2:03  Zergling x4  
  26  2:13  Drone x2  
  26  2:14  Metabolic Boost  
  28  2:25  Drone x2  
  30  2:38  Hatchery  
  30  2:41  Drone  
  30  2:46  Drone x2  
  30  2:50  Overlord  
  32  2:58  Queen  
  32  3:02  Drone  
  35  3:09  Drone  
  35  3:12  Drone x2  
  38  3:14  Drone  
  38  3:15  Drone  
  38  3:18  Overlord  
  38  3:19  Drone  
  41  3:23  Drone x2  
  43  3:29  Overlord  
  43  3:34  Drone  
  43  3:36  Spore Crawler  
  43  3:37  Drone x2  
  44  3:43  Spore Crawler  
  44  3:46  Drone x3  
  45  3:49  Queen  
  45  3:52  Spore Crawler  
  45  3:53  Drone  
  47  3:56  Drone  
  47  3:58  Drone  
  49  4:03  Drone x3  
  52  4:11  Drone x2, Roach Warren  
  52  4:13  Drone  
  54  4:17  Queen  
  54  4:20  Overlord  
  54  4:22  Drone  
  57  4:25  Drone  
  57  4:26  Drone  
  57  4:29  Extractor  
  57  4:30  Extractor  
  57  4:31  Lair  
  57  4:33  Drone  
  57  4:34  Drone  
  57  4:35  Drone  
  57  4:36  Drone  
  61  4:40  Overlord  
  61  4:41  Drone  
  61  4:42  Drone  
  61  4:43  Drone  
  61  4:45  Extractor, Drone  
  64  4:48  Overlord  
  64  4:58  Overlord  
  64  5:03  Overlord  
  64  5:04  Overlord  
  64  5:05  Roach x4  
  72  5:10  Roach x3  
  78  5:16  Overlord  
  78  5:17  Roach x2  
  82  5:26  Overlord  
  82  5:27  Roach  
  82  5:28  Roach x3, Glial Reconstitution  
  90  5:30  Overseer  
  90  5:33  Roach  
  92  5:36  Overlord  
  92  5:39  Overlord  
  92  5:41  Overlord  
  92  5:44  Roach x2  
  92  5:46  Overlord  
  96  5:51  Roach x2  
  96  5:56  Roach x3  
  106  5:58  Overlord  
  104  6:04  Overlord  
  104  6:05  Roach x2  
  104  6:08  Roach  
  104  6:09  Overlord  
  110  6:14  Roach x2  
  110  6:16  Roach  
  116  6:21  Roach x2  
  116  6:28  Roach  
  114  6:34  Roach  
  114  6:35  Roach  
  114  6:40  Roach x2  
  114  6:44  Roach  
  119  6:52  Nydus Network  
  119  6:53  Roach  
  118  6:59  Drone x5  
  118  7:00  Drone  
  124  7:03  Drone  
  124  7:07  Drone x2  
  123  7:18  Drone x5  
  128  7:26  Drone x4  
  126  7:34  Drone x2  
  125  7:38  Drone x2  
  125  7:41  Nydus Canal  
  123  7:46  Drone  
  124  7:52  Drone x3  
  124  7:56  Roach  
  128  8:07  Nydus Canal  
  128  8:08  Roach x3  
  128  8:11  Roach x3  
  128  8:12  Roach  
  130  8:16  Roach x2  
  124  8:22  Roach x3  
  124  8:23  Nydus Canal  
  116  8:31  Drone x5  
  117  8:39  Drone x6  
  121  8:47  Roach x4  
  124  8:56  Roach  
  124  8:57  Roach  
  124  9:00  Roach  
  129  9:08  Roach, Zergling x4  
  133  9:11  Zergling x6  
  136  9:21  Zergling x6  
  135  9:32  Roach x3, Zergling x4  
  136  9:40  Extractor  
  125  9:45  Extractor  
  125  9:47  Roach x2, Zergling x2  
  125  9:50  Roach  
  121  9:55  Roach, Zergling x8  
  121  9:56  Nydus Canal  
  123  10:03  Roach x2, Zergling x2  
  126  10:09  Roach x2  
  126  10:12  Roach  
  126  10:13  Roach  
  128  10:16  Roach x2  
  117  10:23  Roach x3  
  117  10:24  Roach  
  121  10:34  Drone x3  
  124  10:41  Ravager  
  124  10:42  Roach x2  
  129  10:43  Hatchery  
  129  10:45  Ravager x2  
  129  10:48  Roach x4  
  138  10:54  Roach x4  
  146  10:59  Roach  
  146  11:00  Zergling x2  
  149  11:06  Roach x2  
  153  11:15  Roach x4, Evolution Chamber  
  153  11:16  Roach  
  162  11:19  Ravager  
  162  11:20  Ravager x2  
  162  11:21  Zergling x10  
  162  11:24  Roach x2  
  174  11:33  Drone x2  
  174  11:34  Drone  
  174  11:37  Spire  
  176  11:44  Zergling x4  
  177  11:47  Overlord  
  177  11:50  Overlord  
  177  11:52  Overlord  
  177  11:53  Overlord  
  177  11:55  Overlord  
  177  11:56  Nydus Canal  
  177  11:57  Roach x2, Zergling x2  
  179  12:04  Ravager x3  
  185  12:09  Ravager  
Show
View Real Time Build Order
Export as new Build Order

TcUltimate Protoss 

Build Orders: 1 Gate Expand, Oracle Opening 

Get SALT Encoding   

  12  0:01  Probe  
  13  0:13  Probe  
  14  0:20  Pylon  
  14  0:25  Probe  
  15  0:35  Probe  
  16  0:43  Probe  
  16  0:45  Gateway  
  17  0:52  Assimilator  
  17  0:53  Probe  
  18  1:05  Probe  
  19  1:18  Probe  
  20  1:32  Nexus  
  20  1:37  Cybernetics Core  
  20  1:39  Probe  
  21  1:47  Assimilator  
  21  1:51  Probe  
  21  1:53  Pylon  
  22  2:03  Probe  
  22  2:04  Adept  
  25  2:17  Probe  
  26  2:32  Probe, Pylon  
  26  2:35  Stargate  
  27  2:41  Adept  
  27  2:42  Probe  
  27  2:43  Warp Gate  
  27  2:44  Probe  
  29  2:50  Probe  
  31  2:52  Probe  
  33  2:59  Probe  
  33  3:01  Probe  
  35  3:05  Gateway  
  35  3:09  Oracle  
  35  3:11  Probe  
  36  3:14  Probe  
  40  3:23  Probe  
  41  3:28  Probe  
  41  3:33  Twilight Council  
  41  3:34  Pylon  
  44  3:41  Probe  
  45  3:49  Oracle  
  45  3:52  Probe  
  42  3:56  Resonating Glaives  
  42  3:58  Gateway  
  42  3:59  Pylon  
  42  4:01  Probe  
  46  4:04  Probe  
  46  4:05  Pylon  
  47  4:13  Probe  
  48  4:20  Assimilator x2  
  48  4:21  Gateway  
  48  4:22  Probe  
  49  4:25  Probe  
  49  4:30  Pylon  
  50  4:31  Adept x2  
  50  4:35  Probe  
  55  4:39  Probe  
  56  4:48  Probe  
  57  4:53  Adept x3  
  63  5:00  Pylon  
  63  5:14  Robotics Facility  
  63  5:16  Robotics Facility  
  63  5:17  Adept x4  
  71  5:38  Adept x2, Pylon  
  71  5:39  Adept x2  
  79  5:51  Probe  
  79  5:53  Probe  
  79  6:00  Nexus  
  79  6:07  Adept x3  
  79  6:08  Adept  
  79  6:20  Immortal  
  77  6:39  Immortal  
  67  6:42  Adept x3  
  67  6:43  Adept  
  71  7:03  Shield Battery  
  71  7:04  Immortal  
  71  7:05  Shield Battery  
  71  7:07  Immortal  
  71  7:12  Sentry x2  
  71  7:13  Sentry x2  
  83  7:21  Forge  
  85  7:43  Sentry x4, Immortal  
  91  7:44  Immortal  
  95  7:53  Oracle  
  95  8:08  Zealot x2  
  93  8:13  Zealot  
  91  8:24  Probe x2  
  91  8:27  Probe  
  91  8:30  Adept x2  
  95  8:36  Immortal, Probe  
  95  8:40  Immortal, Probe  
  93  9:05  Pylon  
  93  9:07  Probe  
  92  9:15  Immortal  
  96  9:21  Immortal  
  96  9:32  Probe  
  96  9:33  Probe x2  
  99  9:44  Immortal, Probe  
  92  9:49  Zealot x2  
  88  9:54  Probe  
  81  10:08  Immortal  
  81  10:11  Zealot  
  78  10:25  Probe  
  78  10:27  Probe  
  84  10:44  Probe x2  
  86  10:57  Immortal  
  86  11:00  Pylon x2  
  86  11:02  Gateway  
  86  11:13  Gateway x2  
  86  11:16  Gateway  
  86  11:20  Sentry x2  
  90  11:38  Robotics Bay  
  90  11:42  Warp Prism  
  90  11:48  Observer  
  90  11:52  Sentry x2  
  97  12:01  Pylon  
Tags
 
Add a new tag
Caveats
  • Supply blocks, unpowered buildings, or Contaminate may cause inaccurate times.
  • Supply counts are checked every 10 seconds.